 Dungeon Crawl Stone Soup version 0.16-a0-4038-ge07a62f (webtiles) character file.

386 Ololoev the Caller (level 6, -3/41 HPs)
             Began as a Mummy Summoner on Feb 19, 2015.
             Slain by a gnoll
             ... wielding a +0 flail
              (5 damage)
             ... on level 4 of the Dungeon.
             The game lasted 00:11:13 (5070 turns).

Ololoev the Caller (Mummy Summoner)                 Turns: 5070, Time: 00:11:13

Health: -3/41      AC:  5    Str: 11    XL:     6   Next: 48%
Magic:  10/10      EV: 12    Int: 16    God:
Gold:   189        SH:  0    Dex: 12    Spells: 3 memorised, 3 levels left

rFire  x . .     SeeInvis .     f - +0 hand axe (vamp)
rCold  + + .     Clarity  .     a - +0 robe
rNeg   + + +     SustAb   .     (no shield)
rPois  ∞         Gourm    .     n - +2 helmet
rElec  .         Spirit   .     (no cloak)
rCorr  .         Warding  .     (no gloves)
rMut   .         Stasis   .     (no boots)
MR     .....                    j - amulet of faith
Stlth  +++.......               k - ring of stealth
                                l - ring of protection from cold

@: not resistant to hostile enchantments, fairly stealthy
A: no food or potions, fire vulnerability, restore body, cold resistance 1,
negative energy resistance 3, poison resistance, torment resistance, unbreathing
a: no special abilities


You were on level 4 of the Dungeon.
You were not hungry.

You visited 1 branch of the dungeon, and saw 4 of its levels.

You collected 189 gold pieces.

Notes
Turn   | Place    | Note
--------------------------------------------------------------
     0 | D:1      | Ololoev, the Mummy Summoner, began the quest for the Orb.
     0 | D:1      | Reached XP level 1. HP: 13/13 MP: 3/3
   336 | D:1      | Reached XP level 2. HP: 17/19 MP: 4/4
   421 | D:1      | Reached skill level 1 in Axes
   764 | D:1      | Reached XP level 3. HP: 24/24 MP: 6/6
  1243 | D:2      | Learned a level 2 spell: Call Imp
  1247 | D:2      | Learned a level 3 spell: Call Canine Familiar
  1803 | D:2      | Reached XP level 4. HP: 20/30 MP: 1/7
  2649 | D:2      | Reached skill level 4 in Summonings
  2934 | D:3      | Reached XP level 5. HP: 31/35 MP: 0/9
  3156 | D:3      | Noticed Robin
  3178 | D:3      | Killed Robin
  4915 | D:4      | Reached XP level 6. HP: 18/41 MP: 10/10
  4991 | D:4      | Noticed an ogre
  5000 | D:4      | Killed an ogre
  5009 | D:4      | Found a sacrificial altar of Ru.
  5070 | D:4      | HP: 2/41 [gnoll/spear (8)]
  5070 | D:4      | Slain by a gnoll

Inventory:

Hand weapons
 f - a +0 vampiric hand axe (weapon)
 i - a +0 blowgun
Missiles
 m - 3 curare-tipped needles
Armour
 a - a +0 robe (worn)
 n - a +2 helmet (worn)
Jewellery
 j - an amulet of faith (around neck)
 k - a ring of stealth (right hand)
 l - a ring of protection from cold (left hand)
Scrolls
 c - a scroll of teleportation
 d - a scroll of fear
 e - a scroll of remove curse
 g - a scroll of amnesia {unknown}
 h - 2 scrolls of magic mapping
 o - a scroll of recharging {unknown}
Books
 b - a book of Callings

   Spells                             Type                      Level
   a - Summon Small Mammal            Summoning                    1
   b - Call Imp                       Summoning                    2
   c - Call Canine Familiar           Summoning                    3
   d - Summon Guardian Golem          Hexes/Summoning              4
   e - Summon Lightning Spire         Summoning/Air                4
   f - Summon Ice Beast               Ice/Summoning                4

Table legend:
 A = Turns spent in this place as a percentage of turns spent in the entire game.
 B = Non-inter-level travel turns spent in this place as a percentage of non-inter-level travel turns spent in the entire game.
 C = Inter-level travel turns spent in this place as a percentage of turns spent in this place.
 D = Turns resting spent in this place as a percentage of non-inter-level travel turns spent in this place.
 E = Turns spent auto-exploring this place as a percentage of non-inter-level travel turns spent in this place.
 F = Non-inter-level travel turns spent in this place divided by the number of levels of this place that you've seen.
                   A       B       C       D       E      F
               +-------+-------+-------+-------+-------+----------------------
         Total | 100.0 | 100.0 |   0.3 |   3.3 |   7.9 | 420.2
       Dungeon | 100.0 | 100.0 |   0.3 |   3.3 |   7.9 | 420.2
               +-------+-------+-------+-------+-------+----------------------


   Skills:
 * Level 4.4 Axes
 - Level 1.5 Dodging
 - Level 1.5 Stealth
 - Level 2.0 Spellcasting
 + Level 4.6 Summonings


You had 3 spell levels left.
You knew the following spells:

 Your Spells              Type           Power        Failure   Level  Hunger
a - Summon Small Mammal   Summ           ###.         3%          1    N/A
b - Call Imp              Summ           ###.....     6%          2    N/A
c - Call Canine Familiar  Summ           ###.....     12%         3    N/A

Dungeon Overview and Level Annotations

Branches:
Dungeon (4/15)
 Temple: D:4-7

Altars:
Ru


Innate Abilities, Weirdness & Mutations

You do not eat or drink.
Your flesh is vulnerable to fire.
Your flesh is cold resistant.
You are immune to negative energy.
Your system is resistant to poisons.
You are immune to unholy pain and torment.
You can survive without breathing.


Message History

You hit the gnoll but do no damage.
The gnoll is moderately wounded.
You closely miss the gnoll. You hit the gnoll but do no damage.
The gnoll is moderately wounded.
You hit the gnoll.
You feel better.
The gnoll is moderately wounded.
The gnoll hits you with a spear. The gnoll hits you but does no damage.
The gnoll hits you with a spear.
You hit the gnoll but do no damage.
The gnoll is moderately wounded.
You closely miss the gnoll.
The gnoll is moderately wounded.
The gnoll closely misses you. The gnoll completely misses you.
You hit the gnoll.
You feel better.
The gnoll is severely wounded.
You hit the gnoll but do no damage.
The gnoll is moderately wounded.
The gnoll misses you. The gnoll hits you with a spear.
You hit the gnoll but do no damage.
The gnoll is severely wounded.
You hit the gnoll.
You feel better.
The gnoll is heavily wounded.
The gnoll hits you with a flail! The gnoll completely misses you.
You closely miss the gnoll.
The gnoll is severely wounded.
You hit the gnoll but do no damage.
The gnoll is heavily wounded.
The gnoll hits you with a flail. The gnoll misses you.
You barely miss the gnoll.
The gnoll is severely wounded.
You hit the gnoll.
You feel better.
The gnoll is heavily wounded.
The gnoll hits you with a flail! The gnoll misses you.
You closely miss the gnoll.
The gnoll is severely wounded.
You barely miss the gnoll.
The gnoll is heavily wounded.
The gnoll hits you with a spear! The gnoll hits you with a flail.
You die...

###### ######
###....#
###....####..###§#
##.. #.....##....#
#...# #.'#######'.#
#....##.#...#...#.#
#...g#.#.†.#...#.#
#...g@.#....)..###
###
#...g...###._.###
...
#..###..#...†...###
# #.#
##.#...#.†.#.# # #
#.#...#...#.# ###
#.+#######'.###..
#...............!
#.###............
...........).###


You could see 3 gnolls.

Table legend:
 A = Kills in this place as a percentage of kills in entire the game.
 B = Kills by you in this place as a percentage of kills by you in the entire game.
 C = Kills by friends in this place as a percentage of kills by friends in the entire game.
 D = Other kills in this place as a percentage of other kills in the entire game.
 E = Experience gained in this place as a percentage of experience gained in the entire game.
 F = Experience gained in this place divided by the number of levels of this place that you have seen.
                   A       B       C       D       E      F
               +-------+-------+-------+-------+-------+----------------------
         Total | 100.0 | 100.0 | 100.0 |  -nan | 100.0 | 138.0
       Dungeon | 100.0 | 100.0 | 100.0 |  -nan | 100.0 | 138.0
               +-------+-------+-------+-------+-------+----------------------

Vanquished Creatures
  A scorpion (D:4)
  An orc wizard (D:3)
  Robin (D:3)
  3 gnolls
  3 adders
  A worm (D:4)
  3 giant geckos
  4 orcs (D:3)
  2 ball pythons
  12 bats
  A bat skeleton (D:4)
  A giant cockroach (D:3)
  12 hobgoblins
  3 jackals (D:2)
  7 kobolds
  3 quokkas (D:3)
  3 giant newts
  18 goblins
  12 rats
91 creatures vanquished.

Vanquished Creatures (collateral kills)
  An ogre (D:4)
  An orc priest (D:3)
  An orc wizard (D:3)
  4 gnolls
  An adder (D:2)
  2 worms (D:2)
  3 orcs (D:3)
  2 bats
  2 giant cockroaches
  A goblin (D:3)
  A hobgoblin (D:1)
  A kobold (D:1)
20 creatures vanquished.

Vanquished Creatures (others)
  5 hounds
  An iron imp (D:2)
  3 white imps
  4 rats
13 creatures vanquished.

Grand Total: 124 creatures vanquished

Action                   |  1- 3 |  4- 6 || total
-------------------------+-------+-------++-------
Melee: Unarmed           |    24 |       ||    24
       Hand axe          |   146 |   284 ||   430
 Fire: Blowgun           |       |     1 ||     1
 Cast: Summon Small Mamm |    10 |       ||    10
       Call Canine Famil |     3 |     9 ||    12
       Call Imp          |     3 |     3 ||     6
  Use: Scroll            |       |     6 ||     6
 Stab: Sleeping          |     2 |     8 ||    10
       Paralysed         |       |     1 ||     1

Vault maps used:
D:1:      dpeg_arrival_leaves_temple_mockup, serial_park_tiny_1
D:2:      minmay_door_path
D:3:      uniq_robin
D:4:      grunt_gozag_statues, serial_shops, nicolae_shop_stone,
          nicolae_ru_great_annihilating_truth
